 Dungeon Crawl Stone Soup version 0.16.1-11-g651b585 (webtiles) character file.

91 Ladykiller69 the Shield-Bearer (level 4, -2/37 HPs)
             Began as a Formicid Fighter on Apr 7, 2015.
             Slain by a kobold
             ... wielding a +0 whip
              (3 damage)
             ... on level 8 of the Dungeon.
             The game lasted 00:06:02 (2112 turns).

Ladykiller69 the Shield-Bearer (Formicid Fighter)   Turns: 2112, Time: 00:06:03

Health: -2/37      AC:  6    Str: 21    XL:     4   Next: 88%
Magic:  5/5        EV:  8    Int:  8    God:
Gold:   153        SH:  9    Dex: 10    Spells: 0 memorised, 3 levels left

rFire  . . .     SeeInvis +     a - +0 war axe
rCold  . . .     Clarity  .     b - +0 scale mail
rNeg   . . .     SustAb   .     c - +0 shield
rPois  .         Gourm    .     (helmet unavailable)
rElec  .         Spirit   .     (no cloak)
rCorr  .         Warding  .     (no gloves)
rMut   .         Stasis   +     (no boots)
MR     .....                    (no amulet)
Stlth  ..........               (no ring)
                                (no ring)

@: drained, not resistant to hostile enchantments, extremely unstealthy
A: permanent stasis, dig shafts and tunnels, four strong arms, antennae 3
a: Dig, Shaft Self


You were on level 8 of the Dungeon.
You were hungry.

You visited 1 branch of the dungeon, and saw 6 of its levels.

You collected 153 gold pieces.

Inventory:

Hand weapons
 a - a +0 war axe (weapon)
Armour
 b - a +0 scale mail (worn)
 c - a +0 shield (worn)
Jewellery
 g - an uncursed ring of wizardry {unknown}
 h - an uncursed amulet of resist corrosion {unknown}
 o - an uncursed ring of positive energy {unknown}
 s - an uncursed ring of sustain abilities {unknown}
Scrolls
 f - 5 scrolls of identify {unknown}
 i - a scroll of fear {unknown}
 j - a scroll of enchant armour {unknown}
 m - 2 scrolls of teleportation {unknown}
 r - a scroll of magic mapping {unknown}
Potions
 e - a potion of might
 n - a potion of mutation {unknown}
 p - a potion of brilliance {unknown}
 q - a potion of restore abilities {unknown}
Comestibles
 d - a bread ration
 k - a royal jelly
 l - 3 meat rations


   Skills:
 - Level 4.0(3.6) Fighting
 + Level 2.8(2.4) Axes
 - Level 4.0(3.6) Armour
 + Level 4.6(4.2) Shields


You had 3 spell levels left.
You didn't know any spells.

Dungeon Overview and Level Annotations

Branches:
Dungeon (8/15)
 Temple: D:4-7         Lair: D:8-11

Altars:
Gozag
Okawaru

Shops:
D:8 (

Annotations:
D:3 karlm's ghost, average NaWz


Innate Abilities, Weirdness & Mutations

You are under a permanent stasis effect.
You can dig through walls and to a lower floor.
Your four strong arms can wield two-handed weapons with a shield.
You have a pair of large antennae on your head (SInv).


Message History

The hound bites you.
* * * LOW HITPOINT WARNING * * *
The shadow imp barely misses you. The kobold hits you.
* * * LOW HITPOINT WARNING * * *
The kobold barely misses you. The kobold closely misses you.
Use which ability? (? or * to list) Are you sure you want to shaft yourself?
You feel quite a bit more hungry. The hound completely misses you.
You block the big kobold's attack. The shadow imp hits you.
* * * LOW HITPOINT WARNING * * *
The hound bites you but does no damage. You block the kobold's attack.
The kobold barely misses you. The kobold hits you but does no damage.
You begin to dig a shaft.
You continue digging a shaft.
You block the big kobold's attack. You block the hound's attack.
The shadow imp hits you.
* * * LOW HITPOINT WARNING * * *
The kobold hits you but does no damage. The kobold hits you with a short sword.
* * * LOW HITPOINT WARNING * * *
The kobold hits you with an uncursed whip.
You die...

#...###.....
#######...........
#.................
#................$
#........K...# ##
###.....####{..##
#.......# #{...####
.#####..KK.#######{.....#
.......h@K.# #.......K..#
.......5.K.# #......$$..#
.......#### #.....#....#
####### .......#.....
..#####..... . #........
#........ #........
........


You could see a big kobold, a hound, a shadow imp and 3 kobolds.

Vanquished Creatures
  2 adders (D:2)
  3 worms
  3 giant geckos
  An ooze (D:2)
  4 bats
  2 giant cockroaches (D:1)
  6 goblins
  9 hobgoblins
  11 kobolds
  5 giant newts
  11 rats
57 creatures vanquished.

Vanquished Creatures (others)
  A bat (D:8)
  A giant spore (D:8)
2 creatures vanquished.

Grand Total: 59 creatures vanquished

Notes
Turn   | Place    | Note
--------------------------------------------------------------
     0 | D:1      | Ladykiller69, the Formicid Fighter, began the quest for the Orb.
     0 | D:1      | Reached XP level 1. HP: 18/18 MP: 1/1
    71 | D:1      | Reached XP level 2. HP: 18/24 MP: 3/3
   373 | D:1      | Reached skill level 4 in Shields
   605 | D:2      | Reached XP level 3. HP: 29/29 MP: 4/4
   924 | D:2      | Reached XP level 4. HP: 37/37 MP: 5/5
   987 | D:2      | Found an iron altar of Okawaru.
  1332 | D:2      | Found an opulent altar of Gozag.
  1789 | D:3      | Noticed karlm's ghost (average NaWz)
  1812 | D:3      | You fall through a shaft for 3 floors!
  1812 | D:6      | Noticed an ice beast
  1816 | D:7      | Noticed a black bear
  2036 | D:8      | Noticed an ice beast
  2039 | D:8      | Found Yxajis' Antique Weapon Shoppe.
  2063 | D:8      | Noticed a big kobold
  2067 | D:8      | Noticed a phantom
  2112 | D:8      | HP: 1/37 [kobold/short sword (1)]
  2112 | D:8      | Slain by a kobold

Action                   |  1- 3 |  4- 6 || total
-------------------------+-------+-------++-------
Melee: War axe           |    99 |    87 ||   186
 Abil: Shaft Self        |       |     2 ||     2
  Eat: Chunk             |       |     4 ||     4
